 Dungeon Crawl Stone Soup version 0.29.0-15-g675c0067aa (webtiles) character file.

Game seed: 18152491462181542634

8110 Bartlander the Chucker (level 11, 0/77 HPs)
             Began as a Gnoll Wanderer on Sept 11, 2022.
             Was a Priest of Hepliaklqana.
             Shot with an arrow by a centaur (5 damage)
             ... on level 11 of the Dungeon.
             The game lasted 00:23:52 (10842 turns).

Bartlander the Chucker (Gnoll Wanderer)            Turns: 10842, Time: 00:23:53

Health: 0/77       AC: 12    Str: 10    XL:     11   Next: 25%
Magic:  21/21      EV: 15    Int: 10    God:    Hepliaklqana [***...]
Gold:   608        SH:  0    Dex: 25    Spells: 24/24 levels left

rFire   . . .      SeeInvis +   c - +1 sling (freeze)
rCold   . . .      Faith    .   (no shield)
rNeg    . . .      Spirit   .   x - +0 ring mail
rPois   +          Reflect  .   d - +0 helmet
rElec   .          Harm     .   K - +0 cloak
rCorr   +          Rampage  .   F - +0 pair of gloves
Will    +....                   m - +1 pair of boots
Stlth   +++.......              (no amulet)
HPRegen 0.22/turn               g - ring of Zerphoiku {Drain rPois Will+ rCorr SInv}
MPRegen 0.17/turn               u - +6 ring of dexterity

@: no status effects
A: reduced essence, fangs 1, strong nose, distributed training
a: Renounce Religion, Recall Ancestor, Ancestor Identity, Transference


You were on level 11 of the Dungeon.
You worshipped Hepliaklqana.
Hepliaklqana was most pleased with you.
You visited 1 branch of the dungeon, and saw 11 of its levels.

You collected 608 gold pieces.

Inventory:

Hand Weapons
 a - a +2 dagger
 c - a +1 sling of freezing (weapon)
Missiles
 b - 5 curare-tipped darts
 k - 27 poisoned darts
 r - 4 throwing nets
 t - 6 javelins
Armour
 d - a +0 helmet (worn)
 f - a +0 leather armour
 m - a +1 pair of boots (worn)
 x - a +0 ring mail (worn)
 F - a +0 pair of gloves (worn)
 K - a +0 cloak (worn)
Jewellery
 g - the ring of Zerphoiku (left hand) {Drain rPois Will+ rCorr SInv}
   (You found it on level 5 of the Dungeon)

   [ring of willpower]

   rPois:     It protects you from poison.
   SInv:      It lets you see invisible.
   rCorr:     It protects you from acid and corrosion.
   Drain:     It drains your maximum health when unequipped.
   Will:      It increases your willpower.
 h - a +4 ring of protection
 n - a ring of resist corrosion
 o - a ring of see invisible
 u - a +6 ring of dexterity (right hand)
 I - an amulet of magic regeneration
Wands
 q - a wand of charming (9)
 y - a wand of quicksilver (6)
 C - a wand of iceblast (7)
Scrolls
 j - 2 scrolls of fog
 l - 3 scrolls of amnesia
 A - 4 scrolls of teleportation
 B - 2 scrolls of brand weapon
 D - 3 scrolls of enchant armour
 H - a scroll of identify
Potions
 e - 6 potions of curing
 i - 6 potions of attraction
 p - 2 potions of resistance
 s - a potion of degeneration
 v - 2 potions of heal wounds
 w - a potion of invisibility
 z - a potion of might
 E - a potion of flight
 G - a potion of haste
 J - a potion of berserk rage
 L - 2 potions of mutation


   Skills:
 + Level 7.9 Fighting
 + Level 6.3 Short Blades
 + Level 6.3 Long Blades
 + Level 6.3 Axes
 + Level 6.3 Maces & Flails
 + Level 6.3 Polearms
 + Level 6.3 Staves
 + Level 7.9 Ranged Weapons
 + Level 7.9 Throwing
 + Level 6.9 Armour
 + Level 6.9 Dodging
 + Level 6.8 Stealth
 + Level 6.3 Shields
 + Level 6.3 Unarmed Combat
 + Level 7.0 Spellcasting
 + Level 5.2 Conjurations
 + Level 5.2 Hexes
 + Level 5.2 Summonings
 + Level 5.2 Necromancy
 + Level 5.2 Translocations
 + Level 5.2 Transmutations
 + Level 5.2 Fire Magic
 + Level 5.2 Ice Magic
 + Level 5.2 Air Magic
 + Level 5.2 Earth Magic
 + Level 5.2 Poison Magic
 + Level 7.0 Invocations
 + Level 6.3 Evocations


You had 24 spell levels left.
You didn't know any spells.
Your spell library contained the following spells:

 Spells                   Type           Power      Damage    Failure   Level
 Ensorcelled Hibernation  Hex/Ice        28%        N/A       8%          2
 Passwall                 Tmut/Erth      11%        N/A       8%          2
 Poisonous Vapours        Pois/Air       28%        N/A       8%          2
 Portal Projectile        Hex/Tloc       28%        N/A       14%         3
 Swiftness                Air            14%        N/A       14%         3
 Tukima's Dance           Hex            14%        N/A       14%         3
 Corpse Rot               Necr/Pois/Air  14%        N/A       43%         4
 Blade Hands              Tmut           7%         N/A       80%         5


Dungeon Overview and Level Annotations

Branches:
Dungeon (11/15)            Temple (0/1) D:7            Lair (0/5) D:10
    Orc: D:9-12

Altars:
Elyvilon
Hepliaklqana
Kikubaaqudgha
Makhleb
Okawaru
Trog
Wu Jian
Lugonu

Shops:
D:5 :

Portals:
Abyss: D:6 D:10

Annotations:
D:6 2 transporters


Innate Abilities, Weirdness & Mutations

Your life essence is reduced to manifest your ancestor. (-10% HP)
You have very sharp teeth.
Your uncanny sense of smell can sniff out nearby items.
Your experience applies equally to all skills.


Message History

You shoot a sling bullet.
The sling bullet hits the centaur but does no damage.
The centaur is almost dead.
The centaur shoots an arrow.
Centenhua blocks the arrow.
Centenhua hits the centaur with a +0 flail!
A centaur comes into view.
Fire: c) +1 sling (freeze)
Press: ? - help, Q - select action, (/) - cycle Shift-Dir - straight line, f/p - centaur
Aim: a centaur, wielding a +0 shortbow (almost dead, 77% to hit)
You shoot a sling bullet.
The sling bullet hits the centaur but does no damage.
The centaur is almost dead.
The centaur shoots an arrow.
The arrow closely misses Centenhua.
The arrow hits you.
The centaur shoots an arrow.
The arrow hits you.
The centaur barely misses Centenhua.
The centaur completely misses Centenhua.
The centaur unwields a +0 shortbow.
The centaur closely misses Centenhua.
Centenhua blocks the centaur's attack.
Centenhua hits the centaur with a +0 flail!
Fire: c) +1 sling (freeze)
Press: ? - help, Q - select action, (/) - cycle Shift-Dir - straight line, f/p - centaur
Aim: a centaur, wielding a +0 shortbow (almost dead, 77% to hit)
You shoot a sling bullet.
The sling bullet hits the centaur but does no damage.
The centaur is almost dead.
The centaur shoots an arrow.
The arrow hits you!
* * * LOW HITPOINT WARNING * * *
The centaur wields a +0 shortbow.
The centaur shoots an arrow.
Centenhua blocks the arrow.
Centenhua barely misses the centaur.
The centaur shoots an arrow.
The arrow hits you!
* * * LOW HITPOINT WARNING * * *
Centenhua blocks something's attack.
Something barely misses Centenhua.
The centaur wields a +0 shortbow.
The centaur shoots an arrow.
The arrow hits you but does no damage.
The centaur shoots an arrow.
The arrow hits you.
* * * LOW HITPOINT WARNING * * *
Centenhua completely misses the centaur.
Centenhua blocks something's attack.
Something kicks Centenhua.
The centaur shoots an arrow.
The arrow hits you.
You die...

############
).c.c.....@#
.cRc..######
#####


You could see 2 centaurs.

Vanquished Creatures
  A two-headed ogre (D:10)
  A kobold demonologist (D:10)
  A hornet (D:6)
  A shadow (D:7)
  5 yaks (D:10)
  2 water moccasins
  2 black bears
  An ice beast (D:6)
  An ogre (D:5)
  2 kobold brigands (D:7)
  A gnoll sergeant (D:8)
  2 bullfrogs (D:7)
  A necrophage (D:6)
  4 wights
  A scorpion (D:9)
  17 killer bees
  A crimson imp (D:6)
  3 jellies
  4 orc priests
  7 hounds
  4 iguanas
  An orc wizard (D:7)
  5 gnolls
  7 adders
  3 ufetubi
  4 worms
  3 dart slugs
  22 orcs
  4 bats
  6 endoplasms
  3 giant cockroaches
  5 goblins
  4 hobgoblins (D:2)
  6 jackals
  10 kobolds
  3 quokkas
  6 ball pythons
  2 frilled lizards
  4 rats
  A lurking horror (D:10)
161 creatures vanquished.

Vanquished Creatures (collateral kills)
  A kobold demonologist (D:10)
  A komodo dragon (D:10)
  2 trolls (D:9)
  A wraith (D:9)
  5 yaks (D:10)
  A water moccasin (D:9)
  3 black bears
  A kobold brigand (D:8)
  2 necrophages
  4 scorpions
  4 wights
  8 killer bees
  A hound (D:6)
  An orc priest (D:9)
  An iguana (D:6)
  4 orc wizards
  4 gnolls (D:8)
  3 orcs
  3 kobolds (D:8)
50 creatures vanquished.

Vanquished Creatures (others)
  3 knights
  5 ancestors
  32 fungi (D:10)
  33 plants (D:10)
73 creatures vanquished.

Grand Total: 284 creatures vanquished

Notes
Turn   | Place    | Note
-------+----------+-------------------------------------------
     0 | D:1      | Bartlander the Gnoll Wanderer began the quest for the Orb.
     0 | D:1      | Bartlander set off with the following items: a +2 dagger, 4
                  | curare-tipped darts, a +0 sling, a +0 helmet, a potion of
                  | curing, a +0 leather armour.
     0 | D:1      | Reached XP level 1. HP: 20/20 MP: 4/4
   207 | D:1      | Reached XP level 2. HP: 25/26 MP: 5/5
   810 | D:2      | Reached XP level 3. HP: 31/31 MP: 7/7
   859 | D:2      | Reached skill level 1 in Invocations
   998 | D:2      | Reached skill level 1 in Short Blades
   998 | D:2      | Reached skill level 1 in Long Blades
   998 | D:2      | Reached skill level 1 in Axes
   998 | D:2      | Reached skill level 1 in Maces & Flails
   998 | D:2      | Reached skill level 1 in Polearms
   998 | D:2      | Reached skill level 1 in Staves
   998 | D:2      | Reached skill level 1 in Shields
   998 | D:2      | Reached skill level 1 in Unarmed Combat
   998 | D:2      | Reached skill level 1 in Evocations
  1164 | D:2      | Reached XP level 4. HP: 29/38 MP: 8/8
  1536 | D:3      | Reached skill level 1 in Conjurations
  1536 | D:3      | Reached skill level 1 in Hexes
  1536 | D:3      | Reached skill level 1 in Summonings
  1536 | D:3      | Reached skill level 1 in Necromancy
  1536 | D:3      | Reached skill level 1 in Translocations
  1536 | D:3      | Reached skill level 1 in Transmutations
  1536 | D:3      | Reached skill level 1 in Fire Magic
  1536 | D:3      | Reached skill level 1 in Ice Magic
  1536 | D:3      | Reached skill level 1 in Air Magic
  1536 | D:3      | Reached skill level 1 in Earth Magic
  1536 | D:3      | Reached skill level 1 in Poison Magic
  2000 | D:3      | Reached XP level 5. HP: 43/43 MP: 9/9
  2304 | D:3      | Found a hazy altar of Hepliaklqana.
  2549 | D:3      | Became a worshipper of Hepliaklqana the Forgotten
  2603 | D:4      | Found a bloodstained altar of Trog.
  2650 | D:4      | Identified the +1 pair of gloves of Feamet {Harm Will+
                  | rCorr Int+6}
  2732 | D:4      | Reached XP level 6. HP: 50/50 MP: 9/11
  3017 | D:4      | Reached skill level 5 in Fighting
  3017 | D:4      | Reached skill level 5 in Ranged Weapons
  3017 | D:4      | Reached skill level 5 in Throwing
  3456 | D:5      | Entered Level 5 of the Dungeon
  3528 | D:5      | Noticed a black bear
  3548 | D:5      | Reached XP level 7. HP: 37/56 MP: 12/12
  3769 | D:5      | Found Ipusk's Book Shop.
  3993 | D:5      | Identified the ring of Zerphoiku {Drain rPois Will+ rCorr
                  | SInv}
  4032 | D:5      | Found an ornate altar of the Wu Jian Council.
  4385 | D:6      | Reached XP level 8. HP: 63/63 MP: 14/14
  4389 | D:6      | Reached * piety under Hepliaklqana
  4658 | D:6      | Noticed a hornet
  4973 | D:6      | Found a transporter.
  4979 | D:6      | Noticed a brown ugly thing
  4986 | D:6      | Found a transporter.
  5091 | D:6      | Found a one-way gate to the infinite horrors of the Abyss.
  5126 | D:6      | Killed a hornet
  5484 | D:6      | Found a burning altar of Makhleb.
  5781 | D:6      | Reached XP level 9. HP: 19/62 MP: 16/16
  6029 | D:7      | Reached skill level 5 in Spellcasting
  6259 | D:7      | Reached skill level 5 in Armour
  6259 | D:7      | Reached skill level 5 in Dodging
  6478 | D:7      | Found a staircase to the Ecumenical Temple.
  6695 | D:7      | Reached skill level 5 in Stealth
  7045 | D:7      | Reached skill level 5 in Invocations
  7309 | D:8      | Reached ** piety under Hepliaklqana
  7310 | D:8      | Remembered your ancestor Centenhua as a knight
  7318 | D:8      | Found an iron altar of Okawaru.
  7535 | D:8      | Found a white marble altar of Elyvilon.
  7922 | D:8      | Found an ancient bone altar of Kikubaaqudgha.
  8278 | D:9      | Reached skill level 5 in Short Blades
  8278 | D:9      | Reached skill level 5 in Long Blades
  8278 | D:9      | Reached skill level 5 in Axes
  8278 | D:9      | Reached skill level 5 in Maces & Flails
  8278 | D:9      | Reached skill level 5 in Polearms
  8278 | D:9      | Reached skill level 5 in Staves
  8278 | D:9      | Reached skill level 5 in Shields
  8278 | D:9      | Reached skill level 5 in Unarmed Combat
  8278 | D:9      | Reached skill level 5 in Evocations
  8283 | D:9      | Reached XP level 10. HP: 44/69 MP: 18/18
  9170 | D:10     | Entered Level 10 of the Dungeon
  9485 | D:10     | Found a corrupted altar of Lugonu.
  9498 | D:10     | Noticed a two-headed ogre
  9532 | D:10     | Killed a two-headed ogre
  9788 | D:10     | Found a staircase to the Lair.
 10071 | D:10     | Noticed a kobold demonologist
 10104 | D:10     | Reached skill level 5 in Conjurations
 10104 | D:10     | Reached skill level 5 in Hexes
 10104 | D:10     | Reached skill level 5 in Summonings
 10104 | D:10     | Reached skill level 5 in Necromancy
 10104 | D:10     | Reached skill level 5 in Translocations
 10104 | D:10     | Reached skill level 5 in Transmutations
 10104 | D:10     | Reached skill level 5 in Fire Magic
 10104 | D:10     | Reached skill level 5 in Ice Magic
 10104 | D:10     | Reached skill level 5 in Air Magic
 10104 | D:10     | Reached skill level 5 in Earth Magic
 10104 | D:10     | Reached skill level 5 in Poison Magic
 10104 | D:10     | Reached XP level 11. HP: 45/76 MP: 19/21
 10244 | D:10     | Reached *** piety under Hepliaklqana
 10842 | D:11     | Shot with an arrow by a centaur

Illustrated notes

Levels and vault maps discovered:
D:1:      ebering_trefoil_twist, layout_loops_ring, palyth_stone_intersect,
          kennysheep_another_room
D:2:      layout_rooms, kennysheep_generic_room_6
D:3:      layout_rooms, worldfamousw_hep_ancestral_shrine,
          mrwooster_statue_mirror
D:4:      layout_basic, lemuel_crystal_altar
D:5:      layout_rooms, amcnicky_altar_gilded, serial_shops, shop,
          chequers_serial_rivers_large_a, st_stairs_1, serial_bayou_lagoon_a
D:6:      layout_loops_corners, makhleb_grotto_becter,
          gammafunk_ghost_abyssal_escape, minmay_starry_boxes
D:7:      layout_loops_ring, lemuel_temple_firewalk_b
D:8:      layout_loops_ring, kennysheep_mini, mainiacjoe_overflow_catch_the_wave
D:9:      layout_basic
D:10:     layout_irregular_city, due_lair_maze_entry_diamond,
          amcnicky_altar_lugonu_corruption
D:11:     layout_basic, columned_hall_lemuel, uniq_lodul

Skill      XL: |  1  2  3  4  5  6  7  8  9 10 11 |
---------------+----------------------------------+-----
Invocations    | 1 2 3 4 5 6 7 |  7.0
Short Blades   | 1 2 3 5 6 |  6.3
Long Blades    | 1 2 3 5 6 |  6.3
Axes           | 1 2 3 5 6 |  6.3
Maces & Flails | 1 2 3 5 6 |  6.3
Polearms       | 1 2 3 5 6 |  6.3
Staves         | 1 2 3 5 6 |  6.3
Shields        | 1 2 3 5 6 |  6.3
Unarmed Combat | 1 2 3 5 6 |  6.3
Evocations     | 1 2 3 5 6 |  6.3
Spellcasting   | 3 4 5 6 7 |  7.0
Conjurations   | 1 2 3 4 5 |  5.2
Hexes          | 1 2 3 4 5 |  5.2
Summonings     | 1 2 3 4 5 |  5.2
Necromancy     | 1 2 3 4 5 |  5.2
Translocations | 1 2 3 4 5 |  5.2
Transmutations | 1 2 3 4 5 |  5.2
Fire Magic     | 1 2 3 4 5 |  5.2
Ice Magic      | 1 2 3 4 5 |  5.2
Air Magic      | 1 2 3 4 5 |  5.2
Earth Magic    | 1 2 3 4 5 |  5.2
Poison Magic   | 1 2 3 4 5 |  5.2
Armour         | 3 4 5 6 |  6.9
Dodging        | 3 4 5 6 |  6.9
Stealth        | 3 4 5 6 |  6.8
Fighting       | 5 6 7 |  7.9
Ranged Weapons | 5 6 7 |  7.9
Throwing       | 5 6 7 |  7.9

Action                   |  1- 3 |  4- 6 |  7- 9 | 10-12 || total
-------------------------+-------+-------+-------+-------++-------
 Fire: Sling             |   102 |   219 |   393 |   216 ||   930
Invok: Recall Ancestor   |       |       |     1 |       ||     1
       Ancestor Identity |       |       |     1 |       ||     1
       Ancestor Life: Kn |       |       |     1 |       ||     1
  Use: Scroll            |       |    12 |     8 |     7 ||    27
       Potion            |       |     1 |     5 |     2 ||     8
Armor: Leather armour    |    10 |    55 |       |       ||    65
       Skin              |       |    46 |       |       ||    46
       Ring mail         |       |    22 |    94 |    51 ||   167
Dodge: Dodged            |    20 |   132 |   220 |   132 ||   504
